 Dungeon Crawl Stone Soup version 0.26.0-18-gc5c842f807 (webtiles) character file.

Game seed: 16157540431059487708

5493 kaeus the Arsonist (level 10, -3/50 HPs)
             Began as a Gargoyle Fire Elementalist on Jan 22, 2021.
             Was a Priest of the Shining One.
             Slain by a wyvern (8 damage)
             ... on level 7 of the Dungeon.
             The game lasted 00:25:51 (13738 turns).

kaeus the Arsonist (Gargoyle Fire Elementalist)    Turns: 13738, Time: 00:25:51

Health: -3/50      AC: 15    Str: 12    XL:     10   Next: 69%
Magic:  19/19      EV: 14    Int: 21    God:    the Shining One [***...]
Gold:   280        SH: 13    Dex: 10    Spells: 16/22 levels left

rFire    + . .     SeeInvis .   v - staff of fire
rCold    . . .     Faith    .   i - +4 kite shield
rNeg     + + .     Spirit   .   f - +0 leather armour
rPois    ∞         Reflect  .   (no helmet)
rElec    +         Harm     .   C - +2 cloak {Will+}
rCorr    .         Rampage  .   x - +1 pair of gloves
Will     +....                  (no boots)
Stlth    +.........             t - amulet of the acrobat
HPRegen  0.16/turn              g - ring of wizardry
MPRegen  0.16/turn              h - +4 ring of evasion

@: mighty, glowing
A: clever 1, mutation resistance 1, negative energy resistance 1, electricity
resistance, unbreathing, petrification resistance, miasma immunity, AC +7
a: Renounce Religion, Divine Shield


You were on level 7 of the Dungeon.
You worshipped the Shining One.
The Shining One was most pleased with you.
You visited 1 branch of the dungeon, and saw 8 of its levels.
You also visited: Sewer.

You collected 406 gold pieces.
You spent 126 gold pieces at shops.

Inventory:

Hand Weapons
 c - a +2 short sword of electrocution
Armour
 f - a +0 leather armour (worn)
 i - a +4 kite shield (worn)
 x - a +1 pair of gloves (worn)
 C - a +2 cloak of willpower (worn)
Magical Staves
 a - an uncursed staff of earth
 v - an uncursed staff of fire (weapon)
Jewellery
 g - a ring of wizardry (left hand)
 h - a +4 ring of evasion (right hand)
 t - an amulet of the acrobat (around neck)
 B - a +4 ring of slaying
Wands
 k - a wand of paralysis (7)
 m - a wand of acid (18)
 r - a wand of polymorph (5)
 u - a wand of enslavement (7)
 w - a wand of digging (1)
Scrolls
 b - a scroll of identify
 e - 2 scrolls of teleportation
 l - 6 scrolls of immolation
 o - 2 scrolls of amnesia
Potions
 d - 2 potions of attraction
 j - 2 potions of flight
 n - 2 potions of lignification
 p - 3 potions of brilliance
 q - 2 potions of cancellation
 s - a potion of mutation
 A - a potion of curing {unknown}


   Skills:
 + Level 0.0 Fighting
 + Level 0.0 Staves
 + Level 2.5 Armour
 + Level 3.2 Dodging
 - Level 2.1 Stealth
 - Level 6.2 Shields
 + Level 6.5 Spellcasting
 * Level 7.6 Conjurations
 + Level 9.9 Fire Magic
 + Level 2.6 Invocations


You had 16 spell levels left.
You knew the following spells:

 Your Spells              Type           Power        Failure   Level
a - Foxfire               Conj/Fire      100%         1%          1
b - Fireball              Conj/Fire      30%          12%         5

Your spell library contained the following spells:

 Spells                   Type           Power        Failure   Level
 Magic Dart               Conj           100%         1%          1
 Searing Ray              Conj           76%          1%          2
 Conjure Flame            Conj/Fire      60%          1%          3
 Sticky Flame             Conj/Fire      60%          4%          4
 Inner Flame              Hex/Fire       41%          6%          3
 Dazzling Flash           Conj/Hex       44%          10%         3
 Fulminant Prism          Conj/Hex       11%          30%         4
 Iskenderun's Mystic Bla  Conj/Tloc      22%          30%         4


Dungeon Overview and Level Annotations

Branches:
Dungeon (8/15)             Temple (0/1) D:5           Sewer (visited)
   Lair: D:8-11

Altars:
Ashenzari
Fedhas
Nemelex Xobeh
Sif Muna
Xom
Zin
The Shining One

Shops:
D:5 ?}?

Annotations:
D:5 1 runed translucent door
D:8 Pikel


Innate Abilities, Weirdness & Mutations

You are resistant to torment.
Your stone body is resilient. (AC +7)
You are immune to poison.
You resist negative energy. (rN+)
You are resistant to electric shocks. (rElec)
You can survive without breathing.
You are immune to petrification.
You are immune to miasma.
Your mind is acute. (Int +2)
You are somewhat resistant to further mutation.


Message History

You hit the wyvern.
The wyvern is lightly wounded.
The wyvern bites you.
* * * LOW HITPOINT WARNING * * *
You block the wyvern's attack.
You take 2 damage, and have 5/50 hp.
Casting: Foxfire (safe; 1% risk of failure)
Confirm with . or Enter, or press ? or * to list all spells.
Aiming: Fireball (quite dangerous; 12% risk of failure)
Press: ? - help, Shift-Dir - straight line
Okay, then.
It was a potion of might.
You feel very mighty all of a sudden. The wyvern bites you!
The Shining One protects you from harm!
The wyvern bites you but does no damage.
You hit the wyvern! You burn the wyvern.
The wyvern is heavily wounded.
You block the wyvern's attack. The wyvern bites you!
You die...

.........# ##.##.########..
###.###..# ####.##..........#
###.# #..# #....###########..
##..# #..# #.#### ### ##.## #..#
#.# # #...####.# #.# #
.###.###.# #.# # ## ##.##.# #l#
# #....# #@# ## ##.##.# #[#
.###.###.# #.# #...## #.# #.#
########### ##.## #.# #.#
#....YY.Y.. #.# #y#
#.######.######### #.## #>####
#...............##
#..####....####.######.#####...#
#.................##............


You could see a wyvern.

Vanquished Creatures
  Maurice (D:8)
  Joseph (D:7)
  Psyche (D:7)
  Prince Ribbit (D:5)
  Sigmund (D:6)
  Eustachio (D:5)
  3 yaks
  Duvessa (D:5)
  3 orc warriors
  2 sky beasts
  3 necrophages (D:6)
  3 centaurs
  3 ogres
  A lemure (D:8)
  A big kobold (Sewer)
  3 bullfrogs
  Dowan (D:5)
  A water moccasin zombie (D:6)
  7 wights
  10 killer bees
  3 centaur zombies (D:6)
  2 jellies
  3 orc priests
  7 orc wizards
  2 iguanas
  Ijyb (D:3)
  10 worker ants
  2 killer bee zombies
  A hound zombie (D:8)
  A hound skeleton (D:7)
  5 gnolls
  A howler monkey skeleton (D:4)
  14 adders
  A river rat (Sewer)
  A shadow imp (D:7)
  A white imp (D:3)
  An ufetubus (D:8)
  2 oozes
  An adder skeleton (D:6)
  2 dart slugs
  3 worms
  7 leopard geckos
  22 orcs
  2 ball pythons
  6 giant cockroaches
  14 goblins
  8 hobgoblins
  20 jackals
  3 quokkas
  A ball python zombie (D:5)
  6 bats
  4 frilled lizards
  7 kobolds
  A quokka skeleton (D:8)
  A quokka zombie (D:6)
  11 rats
  A bush (D:6)
226 creatures vanquished.

Vanquished Creatures (collateral kills)
  8 foxfires (D:6)
8 creatures vanquished.

Vanquished Creatures (others)
  2 gnolls (D:4)
  A quokka (D:2)
  672 foxfires
  17 plants
  8 toadstools (D:2)
700 creatures vanquished.

Grand Total: 934 creatures vanquished

Notes
Turn   | Place    | Note
-------+----------+-------------------------------------------
     0 | D:1      | kaeus the Gargoyle Fire Elementalist began the quest for
                  | the Orb.
     0 | D:1      | Reached XP level 1. HP: 10/10 MP: 3/3
   107 | D:1      | Reached XP level 2. HP: 9/15 MP: 3/5
   766 | D:1      | Reached XP level 3. HP: 19/19 MP: 1/6
  1797 | D:2      | Reached XP level 4. HP: 24/24 MP: 0/7
  1816 | D:2      | Noticed an ogre
  1871 | D:3      | Found a glowing drain.
  1874 | D:3      | Reached skill level 4 in Fire Magic
  1894 | Sewer    | Entered a sewer
  2007 | Sewer    | Noticed a big kobold
  2012 | Sewer    | Killed a big kobold
  2013 | Sewer    | Reached XP level 5. HP: 28/28 MP: 2/9
  2088 | Sewer    | Found a white marble altar of Elyvilon.
  2268 | D:3      | Found a glowing golden altar of the Shining One.
  2332 | D:3      | Became a worshipper of the Shining One
  2631 | D:3      | Found a broken altar of Ashenzari.
  2681 | D:3      | Reached XP level 6. HP: 32/32 MP: 8/10
  3061 | D:3      | Learned a level 5 spell: Fireball
  3305 | D:3      | Noticed Ijyb
  3318 | D:3      | Killed Ijyb
  3319 | D:3      | Reached skill level 1 in Shields
  3319 | D:3      | Reached skill level 5 in Fire Magic
  4401 | D:4      | Found a sparkling altar of Nemelex Xobeh.
  4546 | D:5      | Entered Level 5 of the Dungeon
  4588 | D:5      | Found a staircase to the Ecumenical Temple.
  4660 | D:5      | Noticed Prince Ribbit
  4663 | D:5      | Killed Prince Ribbit
  4664 | D:5      | Reached XP level 7. HP: 36/36 MP: 9/12
  4690 | D:5      | Noticed Duvessa
  4690 | D:5      | Noticed Dowan
  4696 | D:5      | Killed Duvessa
  4697 | D:5      | Reached skill level 6 in Fire Magic
  4704 | D:5      | Killed Dowan
  4760 | D:5      | Found Nydophun's Gadget Emporium.
  4893 | D:5      | Found Utawea's Magic Scroll Boutique.
  4896 | D:5      | Reached XP level 8. HP: 41/41 MP: 12/14
  4898 | D:5      | Bought a scroll of remove curse for 36 gold pieces
  4898 | D:5      | Bought a scroll of enchant armour for 90 gold pieces
  4963 | D:5      | Found a glowing silver altar of Zin.
  4963 | D:5      | Found a runed translucent door.
  4963 | D:5      | Noticed an angel
  5424 | D:5      | Found Iggore's Magic Scroll Emporium.
  5459 | D:5      | Noticed Eustachio
  5508 | D:5      | Killed Eustachio
  6128 | D:5      | Reached * piety under the Shining One
  6752 | D:6      | Noticed Sigmund
  6757 | D:6      | Killed Sigmund
  6758 | D:6      | Reached skill level 7 in Fire Magic
  6809 | D:6      | Reached skill level 5 in Conjurations
  6879 | D:6      | Found a blossoming altar of Fedhas.
  7408 | D:6      | Found a blossoming altar of Fedhas.
  7658 | D:7      | Noticed a yak
  7658 | D:7      | Noticed a yak
  7659 | D:7      | Noticed a yak
  7704 | D:6      | Reached XP level 9. HP: 39/45 MP: 16/16
  7791 | D:6      | Reached skill level 5 in Spellcasting
  7817 | D:6      | Reached ** piety under the Shining One
  7818 | D:6      | Reached skill level 8 in Fire Magic
  8045 | D:7      | Noticed Joseph
  8059 | D:7      | Reached skill level 5 in Shields
  8101 | D:7      | Killed Joseph
  9089 | D:7      | Reached skill level 9 in Fire Magic
  9092 | D:6      | HP: 2/45 [yak (5)]
  9846 | D:7      | Reached XP level 10. HP: 50/50 MP: 13/18
  9903 | D:7      | Found a shimmering altar of Xom.
  9903 | D:7      | Found a shimmering blue altar of Sif Muna.
 11173 | D:8      | Reached skill level 1 in Invocations
 11532 | D:8      | Reached skill level 1 in Armour
 12313 | D:8      | Reached *** piety under the Shining One
 12334 | D:8      | Noticed Psyche
 12670 | D:7      | Killed Psyche
 12969 | D:8      | Noticed Maurice
 13178 | D:8      | Killed Maurice
 13322 | D:8      | Gained mutation: Your mind is acute. (Int +2) [potion of
                  | mutation]
 13322 | D:8      | Gained mutation: You are somewhat resistant to further
                  | mutation. [potion of mutation]
 13647 | D:8      | Noticed Pikel
 13737 | D:7      | The Shining One protects you from harm!
 13738 | D:7      | Slain by a wyvern

Illustrated notes

Levels and vault maps discovered:
D:1:      eino_arrival_cavern_b, layout_loops_cross, minmay_heptomino_d4
D:2:      cheibrodos_fertilizer, layout_loops_ring, elyvilon_altar_4,
          lemuel_doored_altar
D:3:      kennysheep_goblin_castle, layout_rooms,
          nicolae_overflow_crystal_walls, serial_forest,
          infiniplex_forest_lined_1, infiniplex_forest_straight_5,
          infiniplex_forest_lined_4_way, infiniplex_forest_zigzag_2,
          infiniplex_forest_lined_room_2, infiniplex_forest_clump_double,
          infiniplex_forest_lined_room_, infiniplex_forest_straight_2,
          portal_sewer_entry_f, nicolae_tso_carved_into_rock
D:4:      layout_basic, marbit_many_paths, serial_rivers,
          chequers_serial_rivers_room_a, chequers_serial_rivers_micro_e,
          chequers_serial_rivers_large_b, chequers_serial_rivers_micro_b,
          chequers_serial_rivers_large_a, grunt_ministairs_10,
          lemuel_old_faithful
D:5:      layout_basic, minmay_temple_entry_stoned_glass, serial_shops,
          kennysheep_mini_moat, shop, nicolae_shop_behind_doors,
          lemuel_angel_altar, uniq_eustachio, uniq_duvessa, uniq_prince_ribbit1
D:6:      layout_loops_cross, fedhas_altar_decomposition, basic_altar,
          uniq_sigmund
D:7:      layout_loops_ring, gammafunk_temple_overflow_wave, uniq_joseph
D:8:      layout_basic, enter_bailey_2, uniq_maurice, uniq_psyche, uniq_pikel

Skill      XL: |  1  2  3  4  5  6  7  8  9 10 |
---------------+-------------------------------+-----
Dodging        | 2 3 |  3.2
Conjurations   | 2 3 4 5 6 7 |  7.6
Fire Magic     | 4 5 6 7 9 |  9.9
Spellcasting   | 3 4 5 6 |  6.5
Shields        | 2 3 4 6 |  6.2
Invocations    | 2 |  2.6
Armour         | 2 |  2.5
Stealth        | |  2.1

Action                   |  1- 3 |  4- 6 |  7- 9 | 10-12 || total
-------------------------+-------+-------+-------+-------++-------
Melee: Dagger            |    29 |       |       |       ||    29
       Unarmed           |     1 |       |       |       ||     1
       Short sword       |    14 |   125 |    26 |       ||   165
       Staff             |       |       |   388 |   182 ||   570
 Cast: Foxfire           |    70 |   119 |   182 |   164 ||   535
  Use: Scroll            |       |     3 |     5 |     9 ||    17
       Potion            |       |     2 |     4 |     3 ||     9
Armor: Robe              |    26 |       |       |       ||    26
       Leather armour    |       |    41 |   118 |    81 ||   240
Dodge: Dodged            |    60 |    81 |   247 |   178 ||   566
Block: Kite shield       |       |    38 |   302 |   210 ||   550
